 Dungeon Crawl Stone Soup version 0.21.1-1-g345015f (webtiles) character file.

36338 miragecloak the Severer (level 13, -4/123 HPs)
             Began as a Hill Orc Monk on Feb 5, 2018.
             Was a High Priest of the Shining One.
             Slain by an orc warrior
             ... wielding a +0 war axe
              (8 damage)
             ... on level 2 of the Orcish Mines on Mar 6, 2018.
             The game lasted 01:03:22 (31052 turns).

miragecloak the Severer (Hill Orc Monk)            Turns: 31052, Time: 01:03:23

Health: -4/123     AC: 11    Str: 23    XL:     13   Next: 89%
Magic:  13/13      EV: 11    Int: 10    God:    the Shining One [*****.]
Gold:   1322       SH: 10    Dex: 13    Spells: 12/12 levels left

rFire    . . .     SeeInvis .   H - +2 war axe (freeze)
rCold    . . .     Gourm    .   B - +0 shield
rNeg     + + .     Faith    .   v - +0 ring mail
rPois    .         Spirit   .   (no helmet)
rElec    .         Reflect  .   C - +0 cloak
rCorr    +         Harm     .   l - +0 pair of gloves
MR       .....                  r - +0 pair of boots
Stlth    +.........             (no amulet)
HPRegen  0.30/turn              O - +4 ring of strength
MPRegen  0.13/turn              F - ring of resist corrosion

@: hasted, glowing, very quick
A: no striking features
a: Divine Shield, Cleansing Flame, Summon Divine Warrior, Renounce Religion


You were on level 2 of the Orcish Mines.
You worshipped the Shining One.
The Shining One was extremely pleased with you.
You were very hungry.

You visited 3 branches of the dungeon, and saw 18 of its levels.
You also visited: Ice Cave.

You collected 1684 gold pieces.
You spent 362 gold pieces at shops.

Inventory:

Hand Weapons
 m - a +1 war axe of chopping
 x - a +0 battleaxe
 H - a +2 war axe of freezing (weapon)
Armour
 j - a +0 leather armour
 l - a +0 pair of gloves (worn)
 r - a +0 pair of boots (worn)
 v - a +0 ring mail (worn)
 A - a +0 plate armour of magic resistance
 B - a +0 shield (worn)
 C - a +0 cloak (worn)
Jewellery
 F - a ring of resist corrosion (right hand)
 N - an uncursed ring of ice
 O - a +4 ring of strength (left hand)
Wands
 a - a wand of paralysis (11)
 f - a wand of digging (24)
 s - a wand of polymorph (16)
 w - a wand of scattershot (19)
 y - a wand of acid (13)
 G - a wand of disintegration (18)
 M - a wand of flame (32)
Scrolls
 b - 3 scrolls of teleportation
 d - 3 scrolls of enchant armour {unknown}
 e - 6 scrolls of remove curse
 g - a scroll of fog
 i - 6 scrolls of identify
 p - 2 scrolls of immolation {unknown}
 t - 3 scrolls of enchant weapon
 z - a scroll of summoning {unknown}
 I - a scroll of acquirement {unknown}
Potions
 k - 2 potions of flight
 o - 2 potions of lignification {unknown}
 E - 2 potions of haste
 J - a potion of curing
Books
 h - a book of Geomancy

   Spells                             Type                      Level
   a - Sandblast                      Earth                        1
   b - Passwall                       Transmutation/Earth          2
   c - Stone Arrow                    Conjuration/Earth            3
   d - Petrify                        Transmutation/Earth          4
   e - Lee's Rapid Deconstruction     Earth                        5
 n - a book of Minor Magic

   Spells                             Type                      Level
   a - Magic Dart                     Conjuration                  1
   b - Blink                          Translocation                2
   c - Call Imp                       Summoning                    2
   d - Slow                           Hexes                        2
   e - Conjure Flame                  Conjuration/Fire             3
   f - Mephitic Cloud                 Conjuration/Poison/Air       3
Comestibles
 c - 15 rations


   Skills:
 + Level 13.8 Fighting
 - Level 20.2 Axes
 * Level 10.7 Armour
 - Level 4.1 Dodging
 - Level 1.5 Stealth
 - Level 5.0 Shields


You had 12 spell levels left.
You didn't know any spells.

Dungeon Overview and Level Annotations

Branches:
Dungeon (13/15) Temple (0/1) D:4 Lair (3/6) D:10 Orc (2/2) D:12 Elf (0/3) Orc:1 Orc:2 Swamp: Lair:2-4 Shoals: Lair:2-4 Snake: Lair:2-4 Spider: Lair:2-4 Vaults: D:13-14

Altars:
Hepliaklqana
Kikubaaqudgha
Qazlal
Trog
Uskayaw
Vehumet
Yredelemnul
The Shining One

Shops:
D:6 !?(!(   D:8 *   D:11 (

Portals:
Trove: D:10 (give 19 potions of curing)

Annotations:
D:5 shakethe's ghost, novice FoAK
Lair:3 Snorg; Urug


Message History

The orc warrior wields an uncursed broad axe.
The orc warrior barely misses you.
You hit the orc warrior. You freeze the orc warrior.
You kill the orc warrior!
An orc warrior comes into view. It is wielding a war axe.
The orc warrior shouts!
Items here: ( )))) † You start resting.
You slash the orc warrior! You freeze the orc warrior!
The orc warrior is almost dead.
You hit the orc warrior. You freeze the orc warrior.
The orc warrior is almost dead.
The orc warrior hits you with a war axe!!
* * * LOW HITPOINT WARNING * * *
You hit the orc warrior but do no damage.
The orc warrior is almost dead.
You barely miss the orc warrior.
The orc warrior is almost dead.
The orc warrior hits you with a war axe!
You die...

.......###.........)....##
.....### #............###
.....# #.............#
......# #............##
...#### ##.)........##
..## #####)))o..(##.##
...###.#...)##(..####
#####.....((#####o#
##....(## #@## #......(##
### ##....o.(#
###.....(########
........(c.......
.........)........
#.o.###...##..##.. ..≈≈
#≈≈.. ..... .≈≈ #≈≈≈..
....c


You could see an orc warrior.

Vanquished Creatures
  Kirke (D:12)
  Erolcha (D:10)
  A centaur warrior (D:11)
  4 two-headed ogres
  Sonja (D:11)
  Nergalle (Lair:1)
  4 ugly things
  A manticore (D:12)
  An orc sorcerer (Orc:1)
  A cyclops (Orc:1)
  A black mamba (Lair:1)
  4 elephants (Lair:3)
  6 spiny frogs
  A rime drake (IceCv)
  4 komodo dragons
  A queen bee (D:10)
  4 trolls
  7 hippogriffs
  3 blink frogs (Lair:1)
  2 hornets
  A spriggan (D:10)
  A wraith (D:13)
  A wyvern (D:11)
  3 yaks (D:9)
  2 hogs (D:12)
  Grum (D:10)
  5 basilisks
  A hungry ghost (D:12)
  16 wargs
  6 water moccasins
  32 orc warriors
  2 acid dragons
  8 porcupines
  6 sky beasts
  19 ice beasts
  3 necrophages
  11 centaurs
  12 ogres
  2 black bears (D:12)
  6 wolves
  4 crocodiles
  4 big kobolds
  11 bullfrogs
  5 gnoll sergeants (D:12)
  A wyvern zombie (D:8)
  3 scorpions
  20 killer bees
  3 howler monkeys
  3 wights (D:10)
  3 electric eels
  3 crimson imps
  A bullfrog zombie (D:12)
  A gnoll shaman (D:4)
  4 quasits
  9 hounds
  3 jellies
  19 orc priests
  28 orc wizards
  A bullfrog skeleton (D:9)
  3 iguanas
  3 worker ants
  3 worker ant zombies
  6 gnolls
  9 adders
  4 shadow imps
  An ooze (D:3)
  2 adder skeletons
  2 dart slugs (D:1)
  7 leopard geckos
  124 orcs
  12 bats
  8 giant cockroaches
  6 goblins
  9 hobgoblins
  25 jackals
  A quokka (D:10)
  5 frilled lizards
  A jackal zombie (D:8)
  11 kobolds
  2 leopard gecko skeletons (D:7)
  A leopard gecko zombie (D:7)
  A quokka zombie (D:9)
  8 rats
  A fungus (Lair:2)
  2 plants
570 creatures vanquished.

Vanquished Creatures (others)
  A fire vortex (Lair:1)
  5 fungi
  2 plants (Lair:2)
8 creatures vanquished.

Grand Total: 578 creatures vanquished

Notes
Turn   | Place    | Note
-------+----------+-------------------------------------------
     0 | D:1      | miragecloak the Hill Orc Monk began the quest for the Orb.
     0 | D:1      | Reached XP level 1. HP: 19/19 MP: 1/1
   226 | D:1      | Reached XP level 2. HP: 26/27 MP: 2/2
  1283 | D:1      | Reached XP level 3. HP: 33/33 MP: 3/3
  1698 | D:1      | Reached skill level 5 in Axes
  2008 | D:2      | Reached XP level 4. HP: 39/40 MP: 4/4
  2751 | D:2      | Reached skill level 6 in Axes
  3665 | D:3      | Reached XP level 5. HP: 41/46 MP: 5/5
  3932 | D:3      | Reached skill level 7 in Axes
  4508 | D:3      | Found a radiant altar of Vehumet.
  4553 | D:3      | Found a basalt altar of Yredelemnul.
  4568 | D:3      | Found a glowing golden altar of the Shining One.
  5032 | D:3      | Noticed an angel
  5071 | D:4      | Noticed a centaur
  5080 | D:4      | Killed a centaur
  5080 | D:4      | Reached skill level 8 in Axes
  5080 | D:4      | Reached XP level 6. HP: 22/52 MP: 6/6
  5266 | D:3      | Became a worshipper of the Shining One
  5266 | D:3      | Reached * piety under the Shining One
  5266 | D:3      | Reached ** piety under the Shining One
  5356 | D:4      | Found a staircase to the Ecumenical Temple.
  5455 | D:4      | Reached skill level 9 in Axes
  5866 | D:4      | Reached XP level 7. HP: 55/59 MP: 7/7
  6076 | D:5      | Entered Level 5 of the Dungeon
  6182 | D:5      | Noticed shakethe's ghost (novice FoAK)
  6704 | D:4      | Reached skill level 5 in Fighting
  7461 | D:6      | Found Jemulin's Magic Scroll Shoppe.
  7476 | D:6      | Reached skill level 10 in Axes
  7503 | D:6      | Reached XP level 8. HP: 64/70 MP: 8/8
  7572 | D:6      | Found Lollol's Antique Weapon Boutique.
  7577 | D:6      | Found Piluqyxt's Distillery.
  7614 | D:6      | Bought a scroll of remove curse for 39 gold pieces
  7614 | D:6      | Bought a scroll of fog for 26 gold pieces
  7614 | D:6      | Bought a scroll of identify for 26 gold pieces
  7792 | D:7      | Reached skill level 1 in Armour
  8087 | D:7      | Reached skill level 11 in Axes
  8581 | D:8      | Reached *** piety under the Shining One
  8684 | D:8      | Reached skill level 12 in Axes
  8962 | D:9      | Reached XP level 9. HP: 44/75 MP: 9/9
  9240 | D:9      | Reached skill level 13 in Axes
  9330 | D:9      | Noticed a hornet
 10194 | D:10     | Entered Level 10 of the Dungeon
 10194 | D:10     | Found a portal to a secret trove of treasure.
 10220 | D:10     | Reached **** piety under the Shining One
 10221 | D:10     | Noticed Erolcha
 10250 | D:10     | Killed Erolcha
 10250 | D:10     | Reached skill level 15 in Axes
 10522 | D:10     | Reached XP level 10. HP: 48/81 MP: 10/10
 10616 | D:10     | Reached skill level 16 in Axes
 10619 | D:10     | Found a staircase to the Lair.
 11106 | D:10     | HP: 4/81 [acid (13)]
 11125 | D:9      | HP: 4/81 [kobold/short sword (4)]
 11415 | D:9      | Paralysed by a hornet for 2 turns
 12330 | D:9      | Reached skill level 5 in Armour
 12530 | D:9      | Noticed a two-headed ogre
 12591 | D:8      | Found Pyahos's General Store.
 12597 | D:8      | Bought a scroll of identify for 24 gold pieces
 12597 | D:8      | Bought a scroll of teleportation for 36 gold pieces
 12597 | D:8      | Bought a scroll of teleportation for 36 gold pieces
 12738 | D:8      | Reached skill level 17 in Axes
 13400 | D:8      | Reached XP level 11. HP: 67/89 MP: 11/11
 13613 | D:8      | Reached skill level 18 in Axes
 14289 | D:8      | Noticed an orc knight
 14534 | D:10     | Noticed a two-headed ogre
 14636 | D:10     | Noticed Grum
 15049 | D:6      | Bought a potion of degeneration for 11 gold pieces
 15049 | D:6      | Bought a potion of might for 44 gold pieces
 15139 | D:6      | Found Wocez's Distillery.
 15149 | D:6      | Bought a potion of haste for 120 gold pieces
 15303 | D:6      | Found Pyntotuf's Weapon Emporium.
 15718 | D:7      | Found a hide-covered altar of Uskayaw.
 15720 | D:7      | Found a hazy altar of Hepliaklqana.
 15720 | D:7      | Found an ancient bone altar of Kikubaaqudgha.
 16010 | D:8      | Found a bloodstained altar of Trog.
 16968 | D:10     | Killed Grum
 17049 | D:10     | Reached ***** piety under the Shining One
 18092 | D:11     | Found Kubeze's Weapon Emporium.
 18092 | D:11     | Noticed Sonja
 18092 | D:11     | Noticed a brown ugly thing
 18539 | Lair:1   | Entered Level 1 of the Lair of Beasts
 18539 | Lair:1   | Noticed Nergalle
 20209 | D:11     | Noticed a white ugly thing
 20217 | D:11     | HP: 3/97 [white ugly thing (22)]
 20800 | Lair:1   | Killed Nergalle
 20957 | Lair:1   | Reached skill level 19 in Axes
 21459 | Lair:1   | Reached skill level 10 in Fighting
 22443 | Lair:1   | Reached XP level 12. HP: 52/108 MP: 12/12
 22647 | Lair:1   | Noticed a six-headed hydra
 23498 | Lair:2   | Found a frozen archway.
 23521 | IceCv    | Entered an ice cave
 24141 | Lair:2   | Got a polished dagger
 24142 | Lair:2   | Identified the cursed +1 dagger of Pyromania {protect, +Fly Str+2} (You found it on level 2 of the Lair of Beasts)
 25722 | Lair:3   | Noticed Urug
 25737 | Lair:3   | Noticed Snorg
 26198 | D:11     | Noticed a two-headed ogre
 26205 | D:11     | Killed a two-headed ogre
 26232 | D:11     | Noticed a two-headed ogre
 26343 | D:11     | Killed Sonja
 26343 | D:11     | Reached skill level 10 in Armour
 26343 | D:11     | Reached XP level 13. HP: 51/122 MP: 13/13
 27188 | D:11     | Found a stormy altar of Qazlal.
 28064 | D:12     | Reached skill level 20 in Axes
 29003 | D:12     | Noticed Kirke
 29012 | D:12     | Killed Kirke
 29102 | D:12     | Found a staircase to the Orcish Mines.
 29286 | Orc:1    | Entered Level 1 of the Orcish Mines
 30269 | Orc:2    | Entered Level 2 of the Orcish Mines
 30269 | Orc:2    | Found a staircase to the Elven Halls.
 30317 | Orc:2    | Noticed an ettin
 30461 | Orc:2    | Reached skill level 5 in Shields
 31050 | Orc:2    | HP: 3/123 [orc warrior/war axe (21)]
 31052 | Orc:2    | Slain by an orc warrior

Skill      XL: |  1  2  3  4  5  6  7  8  9 10 11 12 13 |
---------------+----------------------------------------+-----
Fighting       | 4 6 10 13 | 13.8
Dodging        | 3 4 |  4.1
Axes           | 5 6 8 9 10 12 15 17 19 20 | 20.2
Armour         | 3 6 10 | 10.7
Shields        | 5 |  5.0
Stealth        | |  1.5

Action                   |  1- 3 |  4- 6 |  7- 9 | 10-12 | 13-15 || total
-------------------------+-------+-------+-------+-------+-------++-------
Melee: Hand axe          |   137 |   131 |       |       |       ||   268
       War axe           |       |    50 |   234 |   473 |   385 ||  1142
       Battleaxe         |       |       |       |   260 |       ||   260
Evoke: Wand              |       |       |       |     1 |       ||     1
  Use: Scroll            |       |       |     3 |     9 |     1 ||    13
       Potion            |       |       |       |     8 |     6 ||    14
 Stab: Sleeping          |     2 |       |       |       |       ||     2
  Eat: Chunk             |     3 |    12 |     5 |    25 |     8 ||    53
       Ration            |       |       |     3 |     7 |     2 ||    12
Armor: Robe              |    26 |    16 |       |       |       ||    42
       Leather armour    |       |    20 |    27 |       |       ||    47
       Ring mail         |       |       |    33 |   196 |    98 ||   327
Dodge: Dodged            |    94 |   144 |   133 |   412 |   148 ||   931
Block: Shield            |       |       |       |       |   109 ||   109
